 Dungeon Crawl Stone Soup version 0.24-a0-536-gdd4cf15266 (webtiles) character file.

Game seed: 8751878338154964589

3233 Gynju the Geomancer (level 9, -5/54 HPs)
             Began as a Gargoyle Earth Elementalist on Aug 11, 2019.
             Was a Believer of Vehumet.
             Slain by an orc warrior
             ... wielding a +0 war axe
              (19 damage)
             ... on level 7 of the Dungeon.
             The game lasted 00:24:39 (8766 turns).

Gynju the Geomancer (Gargoyle Earth Elementalist)   Turns: 8766, Time: 00:24:40

Health: -5/54      AC: 13    Str: 12    XL:     9   Next: 98%
Magic:  16/16      EV: 12    Int: 19    God:    Vehumet [**....]
Gold:   356        SH:  0    Dex: 10    Spells: 3/18 levels left

rFire    . . .     SeeInvis .   n - +6 shillelagh "Devastator" {shatter}
rCold    + . .     Gourm    +   (no shield)
rNeg     + . .     Faith    .   m - +2 leather armour {rC+}
rPois    ∞         Spirit   .   x - +0 hat
rElec    +         Reflect  .   (no cloak)
rCorr    .         Harm     .   v - +1 pair of gloves
MR       .....                  (no boots)
Stlth    ++........             u - amulet of the gourmand
HPRegen  0.18/turn              (no ring)
MPRegen  0.15/turn              o - ring of flight

@: no status effects
A: negative energy resistance 1, electricity resistance, unbreathing,
petrification resistance, rot immunity, AC +6
a: Renounce Religion, Evoke Flight


You were on level 7 of the Dungeon.
You worshipped Vehumet.
Vehumet was pleased with you.
You were completely stuffed.

You visited 2 branches of the dungeon, and saw 9 of its levels.
You also visited: Ossuary.

You collected 356 gold pieces.

Inventory:

Hand Weapons
 e - a +0 hunting sling
 n - the +6 shillelagh "Devastator" (weapon) {shatter}
   (You found it on level 5 of the Dungeon)
Missiles
 c - 192 stones (quivered)
 h - 121 sling bullets
Armour
 m - a +2 leather armour of cold resistance (worn)
 v - a +1 pair of gloves (worn)
 x - a +0 hat (worn)
Magical Staves
 g - an uncursed staff of power
Jewellery
 o - a ring of flight (right hand)
 u - an amulet of the gourmand (around neck)
Wands
 w - a wand of enslavement (7)
 y - a wand of iceblast (8)
 C - a wand of flame (1)
 D - a wand of paralysis (8)
Scrolls
 b - 3 scrolls of remove curse
 i - 6 scrolls of teleportation
 p - a scroll of silence {unknown}
 r - a scroll of enchant weapon {unknown}
 B - a scroll of fog {unknown}
 F - a scroll of blinking
 G - a scroll of amnesia {unknown}
 H - a scroll of identify
Potions
 a - 2 potions of haste
 f - 2 potions of ambrosia
 j - 3 potions of curing
 k - a potion of lignification {unknown}
 l - 2 potions of heal wounds {unknown}
 q - 2 potions of cancellation
 s - 3 potions of might
 t - 2 potions of brilliance {unknown}
 z - 2 potions of degeneration {unknown}
 A - 3 potions of berserk rage {unknown}
 E - a potion of magic {unknown}
Comestibles
 d - 8 rations
 I - 3 chunks of flesh


   Skills:
 - Level 5.1 Fighting
 + Level 3.1 Dodging
 - Level 2.1 Stealth
 - Level 5.1 Spellcasting
 * Level 8.8 Conjurations
 - Level 1.0 Charms
   Level 0.7 Transmutations
 * Level 9.7 Earth Magic


You had 3 spell levels left.
You knew the following spells:

 Your Spells              Type           Power        Failure   Level  Hunger
a - Sandblast             Erth           #####.       1%          1    None
b - Stone Arrow           Conj/Erth      #####.       1%          3    ##.....
c - Deflect Missiles      Chrm/Air       #.........   100%        6    #######
d - Lee's Rapid Deconstr  Erth           #####.....   8%          5    ######.

Your spell library contained the following spells:

 Spells                   Type           Power        Failure   Level  Hunger
 Shock                    Conj/Air       ###.         2%          1    None
 Passwall                 Tmut/Erth      ###.....     2%          2    #......
 Petrify                  Tmut/Erth      ###.....     19%         4    ####...
 Cause Fear               Hex            #.........   83%         4    ####...
 Yara's Violent Unravell  Hex/Tmut       #.........   98%         5    ######.
 Silence                  Hex/Air        #.........   99%         5    ######.
 Discord                  Hex            #.........   100%        8    #######


Dungeon Overview and Level Annotations

Branches:
Dungeon (8/15)             Temple (1/1) D:5
   Lair: D:8-11

Altars:
Ashenzari
Cheibriados
Elyvilon
Fedhas
Gozag
Hepliaklqana
Kikubaaqudgha
Makhleb
Nemelex Xobeh
Okawaru
Qazlal
Ru
Uskayaw
Vehumet
Wu Jian
Xom
Yredelemnul
Zin
The Shining One

Shops:
D:5 %   D:6 (


Innate Abilities, Weirdness & Mutations

You are resistant to torment.
Your stone body is resilient. (AC +6)
You are immune to poison.
You resist negative energy. (rN+)
You are resistant to electric shocks. (rElec)
You can survive without breathing.
You are immune to petrification.
You are immune to rotting.


Message History

There is a stone staircase leading down here.
You hit the orc warrior but do no damage.
The gnoll hits you but does no damage.
The orc warrior hits you with a +0 war axe!
The gnoll hits you but does no damage.
You hit the orc warrior but do no damage.
The orc warrior hits you with a +0 war axe.
The gnoll hits you but does no damage.
You hit the orc warrior.
The orc warrior shudders.
The orc warrior is moderately wounded.
The phantom is lightly damaged.
The orc warrior is moderately wounded.
The orc warrior hits you with a +0 war axe.
* * * LOW HITPOINT WARNING * * *
The gnoll misses you.
You hit the orc warrior.
The orc warrior shudders.
The orc warrior is heavily wounded. x2
The gnoll hits you but does no damage.
The orc warrior hits you with a +0 war axe!!
You die...

.##.##.# #.#####......###.## #.##
.##.##.# #.##...)....## ##.# #.#
.##.##.# #.##.##......###.## #.#
.##.##.###.##.#####.##.#.#####.##
........)[....#####.....##.......
.##........#####......)........##
..#.#####..# #W#####...##.##.##
)...# #..# #o# #.......>... ..#.#
#..# #@# #...##.##.## ..#.#
#^.#####g#####..#.#.#.### ....#
#.......h.<.....##....... .####
#.######.######.###.##### .#
#.######.######.###.# ##
#............(.))...#
##.############.....# #.# #######
#.#


You could see a phantom, an orc warrior, a black bear and a gnoll.

Vanquished Creatures
  Psyche (D:7)
  A hippogriff (D:8)
  A water moccasin (D:7)
  An orc warrior (D:6)
  2 ice beasts
  2 sky beasts (D:7)
  A phantom (D:7)
  A centaur (D:6)
  A crocodile (D:8)
  An ogre (D:7)
  A wyvern zombie (D:3)
  2 bullfrogs
  A gnoll sergeant (D:7)
  2 scorpions (D:7)
  A howler monkey (D:4)
  3 crimson imps
  A centaur zombie (D:6)
  3 jellies
  5 hounds
  3 orc priests
  A bullfrog skeleton (D:6)
  6 orc wizards
  Natasha (thrice) (D:2)
  2 iguanas
  7 worker ants
  6 big kobold zombies (Ossuary)
  2 hound skeletons
  A mummy (Ossuary)
  9 gnolls
  6 adders
  A shadow imp (D:5)
  2 oozes
  An adder skeleton (D:6)
  4 dart slugs
  4 leopard geckos
  40 orcs
  4 spectral bats (Ossuary)
  7 giant cockroaches
  6 gnoll zombies (Ossuary)
  6 goblins
  2 hobgoblins (D:2)
  6 jackals
  5 quokkas
  3 ball pythons
  4 bats
  A frilled lizard (D:1)
  A goblin simulacrum (Ossuary)
  7 goblin zombies (Ossuary)
  4 hobgoblin zombies (Ossuary)
  6 kobolds
  4 kobold simulacra (Ossuary)
  3 kobold zombies (Ossuary)
  4 orc zombies (Ossuary)
  A quokka zombie (D:7)
  8 rats
  5 rat simulacra (Ossuary)
  3 spectral goblins (Ossuary)
  A spectral kobold (Ossuary)
  5 spectral rats (Ossuary)
225 creatures vanquished.

Notes
Turn   | Place    | Note
-------+----------+-------------------------------------------
     0 | D:1      | Gynju the Gargoyle Earth Elementalist began the quest for
                  | the Orb.
     0 | D:1      | Reached XP level 1. HP: 10/10 MP: 3/3
   336 | D:1      | Reached skill level 4 in Earth Magic
   602 | D:1      | Reached XP level 2. HP: 12/15 MP: 5/5
  1124 | D:2      | Found a snail-covered altar of Cheibriados.
  1187 | D:2      | Noticed Natasha
  1195 | D:2      | Killed Natasha
  1195 | D:2      | Reached skill level 5 in Earth Magic
  1195 | D:2      | Reached XP level 3. HP: 19/19 MP: 0/6
  1628 | D:2      | Noticed Natasha
  1632 | D:2      | Killed Natasha
  1632 | D:2      | Reached skill level 6 in Earth Magic
  1632 | D:2      | Reached XP level 4. HP: 15/24 MP: 3/7
  1637 | D:2      | Learned a level 3 spell: Stone Arrow
  1724 | D:2      | Noticed Natasha
  1729 | D:2      | Killed Natasha
  2051 | D:3      | Reached XP level 5. HP: 28/28 MP: 6/8
  2431 | D:3      | Reached skill level 1 in Conjurations
  2431 | D:3      | Reached skill level 7 in Earth Magic
  2859 | D:3      | Found a stormy altar of Qazlal.
  3317 | D:3      | Reached XP level 6. HP: 8/32 MP: 5/9
  3808 | D:4      | Found an iron altar of Okawaru.
  3808 | D:4      | Found a hazy altar of Hepliaklqana.
  3808 | D:4      | Found a sparkling altar of Nemelex Xobeh.
  3808 | D:4      | Found an ornate altar of the Wu Jian Council.
  3938 | D:4      | Found a hide-covered altar of Uskayaw.
  4569 | D:4      | Reached XP level 7. HP: 36/36 MP: 7/11
  4931 | D:5      | Entered Level 5 of the Dungeon
  5156 | D:5      | Found a staircase to the Ecumenical Temple.
  5165 | Temple   | Entered the Ecumenical Temple
  5468 | D:5      | Reached skill level 5 in Conjurations
  5695 | D:5      | Found the +6 shillelagh "Devastator" {shatter}
  5765 | D:5      | Reached XP level 8. HP: 37/41 MP: 4/13
  5771 | D:5      | Found Gopipt's Food Boutique.
  5958 | D:5      | Found a burning altar of Makhleb.
  5958 | D:5      | Noticed a balrug
  6549 | D:6      | Found a basalt altar of Yredelemnul.
  6679 | D:6      | Reached skill level 5 in Spellcasting
  6839 | D:6      | Found Jeuthrur's Antique Weapon Shop.
  6894 | D:6      | Found a radiant altar of Vehumet.
  6895 | D:6      | Found a burning altar of Makhleb.
  6898 | D:6      | Reached skill level 1 in Fighting
  6906 | D:6      | Became a worshipper of Vehumet
  7254 | D:7      | Reached XP level 9. HP: 42/53 MP: 0/16
  7587 | D:7      | Reached skill level 5 in Fighting
  7602 | D:7      | Learned a level 6 spell: Deflect Missiles
  7613 | D:7      | Found a sand-covered staircase.
  7618 | Ossuary  | Entered an ossuary
  7642 | Ossuary  | Reached * piety under Vehumet
  7642 | Ossuary  | Offered knowledge of Freeze by Vehumet.
  7808 | Ossuary  | Reached skill level 8 in Earth Magic
  7932 | Ossuary  | Offered knowledge of Shock by Vehumet.
  7934 | Ossuary  | Reached ** piety under Vehumet
  8180 | D:7      | Reached skill level 1 in Charms
  8369 | D:8      | Learned a level 5 spell: Lee's Rapid Deconstruction
  8460 | D:8      | Noticed Psyche
  8485 | D:7      | Reached skill level 9 in Earth Magic
  8594 | D:7      | Killed Psyche
  8766 | D:7      | Slain by an orc warrior

Levels and vault maps discovered:
D:1:      wheals_arrival_shading, layout_loops_ring
D:2:      layout_loops_cross, kennysheep_slug_shrine, uniq_natasha
D:3:      layout_basic, nicolae_overflow_crystal_walls
D:4:      layout_loops_ring, eat_drink_and_be_merry_uskayaw,
          chequers_temple_overflow_statue_of_worship, minmay_cupped
D:5:      layout_rooms, minmay_temple_entry_junction, serial_shops,
          nicolae_shop_behind_doors, first_ration, makhleb_altar_promises_db
D:6:      layout_cave_pools, grunt_temple_overflow_lords_of_destruction,
          kennysheep_little_box, serial_rivers, chequers_serial_rivers_large_a,
          chequers_serial_rivers_micro_e, chequers_serial_rivers_small_b,
          chequers_serial_rivers_room_b, serial_shops, nicolae_shop_behind_doors
D:7:      layout_loops_ring, nicolae_ossuary_entry_ruins
D:8:      layout_basic, grunt_lair_entry_orc_guard_hut, serial_shops, shop,
          uniq_psyche
Temple:   compressed_dpeg_triangle_lava_temple

Skill      XL: |  1  2  3  4  5  6  7  8  9 |
---------------+----------------------------+-----
Earth Magic    | 4 5 6 7 9 |  9.7
Conjurations   | 2 3 5 7 8 |  8.8
Spellcasting   | 3 5 |  5.1
Fighting       | 4 5 |  5.1
Dodging        | 3 |  3.1
Charms         | 1 |  1.0
Stealth        | |  2.1
Transmutations | |  0.7

Action                   |  1- 3 |  4- 6 |  7- 9 || total
-------------------------+-------+-------+-------++-------
Melee: Spear             |    10 |    80 |       ||    90
       Unarmed           |     2 |       |       ||     2
       Falchion          |       |    35 |     3 ||    38
       Mace              |       |       |     3 ||     3
       Shillelagh        |       |       |   169 ||   169
Throw: Stone             |       |     1 |     3 ||     4
 Cast: Sandblast         |    37 |    39 |    80 ||   156
       Stone Arrow       |       |    12 |    28 ||    40
  Use: Scroll            |       |     1 |    11 ||    12
 Stab: Sleeping          |       |     2 |     1 ||     3
  Eat: Chunk             |     2 |     9 |    23 ||    34
       Ration            |       |     1 |     1 ||     2
Armor: Robe              |     4 |     1 |       ||     5
       Leather armour    |       |    65 |   146 ||   211
Dodge: Dodged            |    10 |   106 |   160 ||   276
       Rpst.: Falchion   |       |    11 |     5 ||    16

Table legend:
 A = Non-vault XP
 B = Vault XP
 C = Vault XP percentage of total XP
 D = Non-vault monster count
 E = Vault monster count
 F = Vault count percentage of total count
                 A         B        C        D         E       F
            +---------+---------+-------+---------+---------+-------
      Total |    3640 |     979 |  21.2 |     162 |      63 |  28.0
            +---------+---------+-------+---------+---------+-------
        D:1 |      21 |       0 |   0.0 |      15 |       0 |   0.0
        D:2 |      95 |      40 |  29.6 |      11 |       2 |  15.4
        D:3 |     239 |       0 |   0.0 |      29 |       0 |   0.0
        D:4 |     220 |      52 |  19.1 |      16 |       3 |  15.8
        D:5 |     612 |       0 |   0.0 |      32 |       0 |   0.0
        D:6 |     578 |      50 |   8.0 |      21 |       1 |   4.5
        D:7 |    1344 |     601 |  30.9 |      32 |       3 |   8.6
        D:8 |     531 |       0 |   0.0 |       6 |       0 |   0.0
    Ossuary |       0 |     236 | 100.0 |       0 |      54 | 100.0
            +---------+---------+-------+---------+---------+-------
